 Dungeon Crawl Stone Soup version 0.28-a0-653-g7e9dba17c3 (webtiles) character file.

Game seed: 12115744471789381096

74424 funkygono the Eclecticist (level 15, -1/78 HPs)
             Began as a Gargoyle Fire Elementalist on Oct 11, 2021.
             Was a High Priest of Vehumet.
             Slain by a +5 war axe of chaos (6 damage)
             ... on level 2 of the Lair of Beasts.
             The game lasted 01:05:37 (23515 turns).

funkygono the Eclecticist (GrFE)                   Turns: 23515, Time: 01:05:38

Health: -1/78      AC: 30    Str: 15    XL:     15   Next: 46%
Magic:  1/34       EV: 12    Int: 22    God:    Vehumet [*****.]
Gold:   1040       SH:  0    Dex: 10    Spells: 8/44 levels left

rFire   + . .      SeeInvis .   B - +5 whip (elec)
rCold   x . .      Faith    .   (no shield)
rNeg    + . .      Spirit   .   O - +6 acid dragon scales
rPois   ∞          Reflect  .   J - +2 helmet
rElec   +          Harm     .   (no cloak)
rCorr   +          Rampage  .   w - +2 pair of gloves {Str+3}
Will    +....                   (no boots)
Stlth   +.........              W - amulet of regeneration
HPRegen 1.23/turn               c - ring of fire
MPRegen 0.24/turn               Q - ring of wizardry

@: flying, hasted, very quick
A: sickness immunity, AC +11, big wings, negative energy resistance 1,
electricity resistance, torment resistance 1, petrification resistance
a: Renounce Religion


You were on level 2 of the Lair of Beasts.
You worshipped Vehumet.
Vehumet was extremely pleased with you.
You visited 3 branches of the dungeon, and saw 18 of its levels.
You also visited: Sewer and Ossuary.

You collected 1040 gold pieces.

Inventory:

Hand Weapons
 B - a +5 whip of electrocution (weapon)
 I - a +3 flail
Missiles
 p - a throwing net
Armour
 r - +4 steam dragon scales
 w - a +2 pair of gloves of strength (worn)
 J - a +2 helmet (worn)
 O - +6 acid dragon scales (worn)
 S - a +2 buckler
Jewellery
 a - a ring of resist corrosion
 c - a ring of fire (left hand)
 d - an amulet of reflection
 f - a +6 ring of intelligence
 h - a ring of ice
 j - a ring of see invisible
 L - an amulet of the acrobat
 Q - a ring of wizardry (right hand)
 W - an amulet of regeneration (around neck)
Wands
 u - a wand of digging (9)
 E - a wand of flame (30)
 M - a wand of iceblast (8)
 N - a wand of paralysis (28)
Scrolls
 b - 2 scrolls of fear
 e - 3 scrolls of identify
 k - a scroll of magic mapping
 n - 7 scrolls of teleportation
 x - 2 scrolls of blinking
 H - 3 scrolls of fog
Potions
 g - 3 potions of haste
 i - 2 potions of magic
 l - 6 potions of attraction
 o - 4 potions of might
 s - 5 potions of curing
 t - 3 potions of heal wounds
 v - a potion of brilliance
 C - 5 potions of ambrosia
 K - 5 potions of lignification
 T - 2 potions of invisibility


   Skills:
 + Level 3.1 Fighting
 + Level 4.7 Maces & Flails
 + Level 4.4 Armour
 + Level 4.4 Dodging
 - Level 2.1 Stealth
 * Level 15.3 Spellcasting
 * Level 12.1 Conjurations
 * Level 15.2 Fire Magic
 + Level 2.0 Ice Magic
 * Level 7.8 Earth Magic


You had 8 spell levels left.
You knew the following spells:

 Your Spells              Type           Power      Damage    Failure   Level
a - Foxfire               Conj/Fire      100%       2x1d9     0%          1
b - Scorch                Fire           100%       2d10      0%          2
c - Conjure Flame         Conj/Fire      86%        6-21      1%          3
d - Flame Wave            Conj/Fire      86%        3d14      1%          4
e - Starburst             Conj/Fire      43%        6d12      1%          6
f - Freeze                Ice            100%       1d11      1%          1
g - Searing Ray           Conj           100%       2d8       1%          2
i - Lightning Bolt        Conj/Air       21%        1d36      1%          5
j - Sticky Flame          Conj/Fire      86%        2d10      1%          4
n - Lehudib's Crystal Sp  Conj/Erth      28%        10d8      43%         8

Your spell library contained the following spells:

 Spells                   Type           Power      Damage    Failure   Level
 Spellforged Servitor     Conj/Summ      21%        N/A       30%         7
 Animate Skeleton         Necr           32%        N/A       1%          1
 Magic Dart               Conj           100%       1d8       1%          1
 Pain                     Necr           64%        1d7       1%          1
 Shock                    Conj/Air       100%       1d9       1%          1
 Ensorcelled Hibernation  Hex/Ice        42%        N/A       1%          2
 Ignite Poison            Fire/Tmut/Pois 56%        N/A       1%          3
 Inner Flame              Hex/Fire       66%        N/A       1%          3
 Fulminant Prism          Conj/Hex       21%        3d13      1%          4
 Blink                    Tloc           N/A        N/A       2%          2
 Slow                     Hex            16%        N/A       2%          2
 Airstrike                Air            8%         N/A       5%          4
 Confusing Touch          Hex            16%        N/A       6%          3
 Lesser Beckoning         Tloc           16%        N/A       6%          3
 Swiftness                Air            16%        N/A       6%          3
 Tukima's Dance           Hex            16%        N/A       6%          3
 Vampiric Draining        Necr           8%         2d7       6%          3
 Yara's Violent Unravell  Hex/Tmut       8%         3d5       14%         5
 Passage of Golubria      Tloc           N/A        N/A       19%         4
 Summon Lightning Spire   Summ/Air       16%        N/A       19%         4
 Manifold Assault         Tloc           16%        N/A       45%         5
 Silence                  Hex/Air        8%         N/A       45%         5
 Disjunction              Tloc           8%         N/A       100%        8
 Fire Storm               Conj/Fire      43%        8d11      78%         9
 Chain Lightning          Conj/Air       21%        3d28      100%        9
 Shatter                  Erth           25%        3d22*     100%        9


Dungeon Overview and Level Annotations

Branches:
Dungeon (11/15)            Temple (1/1) D:6            Lair (6/6) D:11
  Swamp (0/4) Lair:2       Spider (0/4) Lair:2        Slime (0/5) Lair:6
    Orc (0/2) D:11          Sewer (visited)         Ossuary (visited)

Altars:
Ashenzari
Cheibriados
Dithmenos
Elyvilon
Fedhas
Gozag
Hepliaklqana
Kikubaaqudgha
Makhleb
Nemelex Xobeh
Okawaru
Qazlal
Ru
Sif Muna
Trog
Uskayaw
Vehumet
Wu Jian
Xom
Yredelemnul
Zin
The Shining One
Jiyva

Annotations:
Lair:2 Pugremor's ghost, journeyman OpCj
Lair:5 Kirke


Innate Abilities, Weirdness & Mutations

You are immune to sickness and miasma.
Your stone body is resilient. (AC +11)
You are immune to poison.
Your large and strong wings let you fly.
You resist negative energy. (rN+)
You are resistant to electric shocks. (rElec)
You are resistant to unholy torment.
You are immune to petrification.


Message History

The +5 war axe of chaos closely misses your foxfire.
Casting: Foxfire (safe; 0% risk of failure)
Confirm with . or Enter, or press ? or * to list all spells.
Aiming: Sticky Flame (safe; 1% risk of failure)
Press: ? - help, Shift-Dir - straight line, f/p - +5 war axe of chaos
Aim: a +5 war axe of chaos (lightly damaged, ally target, 100% to hit)
You feel a surge of power!
The sticky flame hits the +5 war axe of chaos.
The +5 war axe of chaos resists.
The +5 war axe of chaos is lightly damaged.
The +5 war axe of chaos is covered in liquid flames!
The foxfire hits Pugremor's ghost.
Pugremor's ghost resists.
Pugremor's ghost is heavily damaged.
The foxfire hits Pugremor's ghost.
Pugremor's ghost resists.
Pugremor's ghost is heavily damaged.
Pugremor's ghost barely misses you. The +5 war axe of chaos hits you!
The +5 war axe of chaos burns you.
* * * LOW HITPOINT WARNING * * *
Press: ? - help, v - describe, . - travel
Here: a +5 war axe of chaos (lightly damaged, covered in liquid flames)
The floor.
Casting: Sticky Flame (safe; 1% risk of failure)
Confirm with . or Enter, or press ? or * to list all spells.
Aiming: Searing Ray (safe; 1% risk of failure)
Press: ? - help, Shift-Dir - straight line, f/p - +5 war axe of chaos
Aim: a +5 war axe of chaos (lightly damaged, covered in liquid flames, 73% to hit)
The searing ray hits the +5 war axe of chaos but does no damage.
The +5 war axe of chaos is lightly damaged. (Press . to maintain the ray.) Pugremor's ghost hits you but does no damage.
The searing ray hits the +5 war axe of chaos but does no damage.
The +5 war axe of chaos is lightly damaged.
The +5 war axe of chaos hits you.
* * * LOW HITPOINT WARNING * * *
The searing ray hits the +5 war axe of chaos!
The +5 war axe of chaos is heavily damaged.
The +5 war axe of chaos burns!
The +5 war axe of chaos hits you!
* * * LOW HITPOINT WARNING * * *
The +5 war axe of chaos freezes you.
You die...

#.........#....#........# #.
#.........##..###.......###.
#.........###.<##.......+...
#.........####..'.........##
###.#+.#####.##P#.......###
#.#...##...#####.##.####
#####..##..#$######..#.# ####
#.#..§.W'_.# ##...#
#..######..@(#[########..##
###.##.#.##...#####...#.#+.##
##.............####..........#
#...............#..+.........'
##................#..........#
#..............##.#.........#
#.............######+....####
##.............# #....###
#.#.P..P###.#..# #..###


You could see a +5 war axe of chaos (burning) and Pugremor's ghost.

Vanquished Creatures
  The ghost of Atont the Cleaver, a journeyman DDFi of Okawaru (Lair:4)
  11 hydras
  Harold (D:8)
  A boulder beetle (Lair:4)
  4 catoblepae
  12 death yaks
  A two-headed ogre (D:11)
  Pikel (D:8)
  A bog body (Lair:2)
  2 wolf spiders
  4 manticores
  A cyclops (D:11)
  An oklob plant (Lair:2)
  A guardian serpent (Lair:6)
  12 elephants
  15 black mambas
  A gargoyle (D:11)
  22 cane toads
  A torpor snail (Lair:6)
  Maggie (D:9)
  4 rime drakes
  Psyche (D:8)
  15 komodo dragons
  2 tengu conjurers (D:10)
  A jumping spider (Lair:2)
  4 polar bears
  A troll (D:6)
  3 hornets (Lair:6)
  12 dream sheep
  42 blink frogs
  2 redbacks (Lair:2)
  39 yaks
  13 wyverns
  2 steam dragons
  A wraith (D:10)
  7 hogs (Lair:5)
  3 vampire mosquitoes (D:8)
  2 wargs (D:11)
  2 acid dragons (D:11)
  19 water moccasins
  Purgy (D:3)
  6 orc warriors
  An ice beast (D:5)
  15 wolves
  A hornet zombie (D:6)
  4 necrophages
  5 centaurs
  2 lemures (D:8)
  2 kobold brigands
  12 bullfrogs
  2 scorpions (D:6)
  3 water moccasin zombies (D:5)
  A killer bee (D:8)
  12 electric eels
  3 wights (D:9)
  2 howler monkeys (D:8)
  4 centaur zombies
  A bullfrog zombie (D:6)
  6 hounds
  2 jellies
  A human zombie (D:5)
  3 orc priests
  A bullfrog skeleton (D:8)
  2 centaur skeletons
  A gnoll shaman (D:8)
  Jessica (D:2)
  4 iguanas
  Natasha (thrice) (D:2)
  12 orc wizards
  A hound zombie (D:5)
  2 howler monkey zombies
  8 mummies
  8 adders
  8 gnolls
  A howler monkey skeleton (D:4)
  A river rat (Sewer)
  A white imp (D:6)
  2 ufetubi
  An adder skeleton (D:4)
  2 worms
  3 dart slugs
  37 orcs
  9 bats
  8 endoplasms
  2 giant cockroaches (D:1)
  5 goblins
  10 hobgoblins
  7 jackals
  17 kobolds
  2 quokkas (D:1)
  5 ball pythons
  3 frilled lizards
  2 goblin zombies (Ossuary)
  2 hobgoblin zombies (Ossuary)
  A kobold zombie (Ossuary)
  2 orc zombies (Ossuary)
  8 rats
  6 bushes
  A plant (Lair:4)
547 creatures vanquished.

Vanquished Creatures (collateral kills)
  75 foxfires
75 creatures vanquished.

Vanquished Creatures (others)
  1660 foxfires
  48 fungi
  71 plants
1779 creatures vanquished.

Grand Total: 2401 creatures vanquished

Notes
Turn   | Place    | Note
-------+----------+-------------------------------------------
     0 | D:1      | funkygono the Gargoyle Fire Elementalist began the quest
                  | for the Orb.
     0 | D:1      | Reached XP level 1. HP: 10/10 MP: 3/3
   120 | D:1      | Reached XP level 2. HP: 15/15 MP: 0/5
   123 | D:1      | Learned a level 2 spell: Scorch
   544 | D:1      | Reached XP level 3. HP: 19/19 MP: 4/6
   548 | D:1      | Learned a level 3 spell: Conjure Flame
  1520 | D:2      | Noticed Natasha
  1528 | D:2      | Killed Natasha
  1529 | D:2      | Reached skill level 1 in Maces & Flails
  1529 | D:2      | Reached XP level 4. HP: 2/24 MP: 0/8
  1805 | D:2      | Found a faded altar of an unknown god.
  1898 | D:2      | Noticed Natasha
  1904 | D:2      | Killed Natasha
  2166 | D:2      | Noticed Natasha
  2172 | D:2      | Killed Natasha
  2173 | D:2      | Reached XP level 5. HP: 28/28 MP: 4/10
  2224 | D:2      | Noticed Jessica
  2227 | D:2      | Killed Jessica
  2234 | D:2      | Learned a level 4 spell: Flame Wave
  2518 | D:3      | HP: 1/28 [hobgoblin (1)]
  2519 | D:3      | Reached XP level 6. HP: 1/32 MP: 3/11
  2678 | D:3      | Noticed Purgy
  2696 | D:3      | Killed Purgy
  3409 | D:3      | Found a sparkling altar of Nemelex Xobeh.
  3409 | D:3      | Found an opulent altar of Gozag.
  3634 | D:4      | Reached XP level 7. HP: 36/36 MP: 8/13
  3642 | D:4      | Reached skill level 5 in Fire Magic
  4314 | D:5      | Entered Level 5 of the Dungeon
  4401 | D:5      | Noticed a steam dragon
  4402 | D:5      | Reached skill level 5 in Spellcasting
  4410 | D:5      | Killed a steam dragon
  4411 | D:5      | Reached XP level 8. HP: 42/42 MP: 3/15
  4498 | D:5      | Found a glowing drain.
  4571 | Sewer    | Entered a sewer
  4755 | Sewer    | Found a white marble altar of Elyvilon.
  4854 | D:5      | Learned a level 2 spell: Searing Ray
  4963 | D:5      | Reached skill level 1 in Armour
  5201 | D:5      | You fall into a shaft and drop 2 floors!
  5201 | D:7      | Noticed a yak
  5201 | D:7      | Noticed a yak
  5201 | D:7      | Noticed a yak
  5201 | D:7      | Noticed a yak
  5216 | D:7      | Killed a yak
  5216 | D:7      | Killed a yak
  5217 | D:7      | Reached skill level 5 in Conjurations
  5221 | D:7      | Killed a yak
  5222 | D:7      | Killed a yak
  5223 | D:7      | Reached skill level 1 in Fighting
  5223 | D:7      | Reached XP level 9. HP: 29/47 MP: 0/18
  5532 | D:6      | Noticed a troll
  5541 | D:6      | Killed a troll
  5615 | D:6      | Found a staircase to the Ecumenical Temple.
  5746 | Temple   | Entered the Ecumenical Temple
  5755 | Temple   | Became a worshipper of Vehumet
  6674 | D:5      | Found a basalt altar of Yredelemnul.
  7510 | D:6      | Reached * piety under Vehumet
  7510 | D:6      | Offered knowledge of Freeze by Vehumet.
  7761 | D:6      | Found an ornate altar of the Wu Jian Council.
  8040 | D:6      | Reached XP level 10. HP: 49/52 MP: 16/22
  8352 | D:7      | Learned a level 1 spell: Freeze
  8774 | D:7      | Found a bloodstained altar of Trog.
  8899 | D:7      | Found an iron altar of Okawaru.
  9003 | D:7      | Learned a level 8 spell: Lehudib's Crystal Spear
  9158 | D:8      | Found a shadowy altar of Dithmenos.
  9164 | D:8      | Noticed Harold
  9170 | D:8      | Offered knowledge of Poisonous Vapours by Vehumet.
  9171 | D:8      | Reached ** piety under Vehumet
  9182 | D:8      | Killed Harold
  9420 | D:8      | Found a sand-covered staircase.
  9429 | Ossuary  | Entered an ossuary
  9911 | D:8      | Noticed Pikel
  9911 | D:8      | Noticed Psyche
  9928 | D:8      | Killed Pikel
  9929 | D:8      | Killed Psyche
  9929 | D:8      | Offered knowledge of Static Discharge by Vehumet.
 10098 | D:8      | Reached XP level 11. HP: 54/57 MP: 20/24
 10328 | D:8      | Found a glowing silver altar of Zin.
 10525 | D:8      | Identified 3 scrolls of acquirement
 10525 | D:8      | Acquired a +0 pair of gloves of strength
 10534 | D:8      | Acquired an amulet of the acrobat
 10543 | D:8      | Acquired funkygono's Catalogue of Igneous Dislocation
 10677 | D:9      | Noticed a manticore
 10690 | D:9      | Killed a manticore
 10861 | D:9      | Noticed Maggie
 10885 | D:9      | Killed Maggie
 11002 | D:9      | Reached skill level 10 in Spellcasting
 11793 | D:9      | Learned a level 6 spell: Starburst
 11815 | D:10     | Entered Level 10 of the Dungeon
 11822 | D:10     | Reached *** piety under Vehumet
 11907 | D:10     | Reached skill level 10 in Fire Magic
 11925 | D:10     | Reached skill level 1 in Ice Magic
 12053 | D:10     | Found a white marble altar of Elyvilon.
 12189 | D:10     | Offered knowledge of Ignite Poison by Vehumet.
 12195 | D:10     | Learned a level 3 spell: Ignite Poison
 12954 | D:11     | Noticed a cyclops
 12962 | D:11     | Killed a cyclops
 13075 | D:11     | Noticed a manticore
 13089 | D:11     | Killed a manticore
 13205 | D:11     | Found a staircase to the Orcish Mines.
 13244 | D:11     | Noticed an eight-headed hydra
 13252 | D:11     | Killed an eight-headed hydra
 13320 | D:11     | Reached XP level 12. HP: 52/64 MP: 14/27
 13495 | D:11     | Found a staircase to the Lair.
 13569 | D:11     | Reached **** piety under Vehumet
 13689 | D:11     | Noticed a two-headed ogre
 13694 | D:11     | Killed a two-headed ogre
 14247 | Lair:1   | Entered Level 1 of the Lair of Beasts
 14336 | Lair:1   | Reached skill level 1 in Earth Magic
 14484 | Lair:1   | Offered knowledge of Lightning Bolt by Vehumet.
 14869 | Lair:1   | Noticed a six-headed hydra
 14887 | Lair:1   | Killed a six-headed hydra
 15370 | Lair:2   | Found an ancient bone altar of Kikubaaqudgha.
 15461 | Lair:2   | Noticed a five-headed hydra
 15625 | Lair:1   | Killed a five-headed hydra
 15866 | Lair:2   | Learned a level 5 spell: Lightning Bolt
 16153 | Lair:2   | Found a runed translucent door.
 16161 | Lair:2   | Found a shimmering altar of Xom.
 16161 | Lair:2   | Noticed Pugremor's ghost (journeyman OpCj)
 16444 | Lair:2   | Reached XP level 13. HP: 68/68 MP: 23/29
 16485 | Lair:2   | Found a hole to the Spider Nest.
 16502 | Lair:2   | Reached skill level 10 in Conjurations
 16713 | Lair:2   | Found a staircase to the Swamp.
 17515 | Lair:3   | Reached ***** piety under Vehumet
 17646 | Lair:3   | Offered knowledge of Sticky Flame by Vehumet.
 17647 | Lair:3   | Reached skill level 5 in Earth Magic
 18048 | Lair:3   | You fall into a shaft and drop 3 floors!
 18048 | Lair:6   | Entered Level 6 of the Lair of Beasts
 18052 | Lair:6   | Found a staircase to the Slime Pits.
 18059 | Lair:6   | Found a viscous altar of Jiyva.
 18635 | Lair:6   | Gained mutation: Your large and strong wings let you fly.
                  | [Gargoyle growth]
 18635 | Lair:6   | Reached XP level 14. HP: 72/72 MP: 12/31
 18641 | Lair:6   | Learned a level 4 spell: Sticky Flame
 19564 | Lair:6   | Offered knowledge of Orb of Destruction by Vehumet.
 20051 | Lair:5   | Found a snail-covered altar of Cheibriados.
 20985 | Lair:5   | Noticed Kirke
 21224 | Lair:5   | Reached XP level 15. HP: 78/78 MP: 30/33
 22246 | Lair:4   | Reached skill level 15 in Spellcasting
 22319 | Lair:4   | Offered knowledge of Spellforged Servitor by Vehumet.
 22513 | Lair:4   | Reached skill level 15 in Fire Magic
 22942 | Lair:4   | Found a runed translucent gate.
 22942 | Lair:4   | Found a runed translucent gate.
 22942 | Lair:4   | Found a runed translucent gate.
 22944 | Lair:4   | Noticed Atont's ghost (journeyman DDFi)
 22955 | Lair:4   | Killed Atont's ghost
 23515 | Lair:2   | Slain by a +5 war axe of chaos

Illustrated notes

Levels and vault maps discovered:
D:1:      dpeg_arrival_leaves_temple_mockup, layout_basic,
          minmay_indecisive_spiral
D:2:      layout_basic, dreamdust_ecumenical_altar_statues, uniq_jessica,
          uniq_natasha
D:3:      layout_loops_ring, grunt_temple_overflow_opulence,
          minmay_quadrilaterals, uniq_purgy
D:4:      layout_cave_pools
D:5:      layout_loops_cross, lemuel_mausoleum_altar_yredelemnul,
          cheibrodos_sewer_entry_sluice
D:6:      layout_gridville, nzn_wu_jian_contemplation,
          minmay_temple_entry_crystal_x, minmay_holes, corexii_checkpoint_a
D:7:      layout_rooms, mainiacjoe_overflow_cross_hatched,
          okawaru_altar_gauntlet_db, st_stairs_7, minmay_curled_crystal
D:8:      layout_loops_ring, old_standard_altar, zin_statuary, enter_ossuary_1,
          kennysheep_generic_room_11, uniq_pikel, uniq_psyche, uniq_harold
D:9:      layout_basic, serial_bayou, serial_bayou_shore_a, serial_bayou_pond_a,
          serial_bayou_lagoon_b, serial_bayou_pond_a, evilmike_minifort,
          uniq_maggie
D:10:     layout_loops_cross, nicolae_elyvilon_temple_path, serial_bayou_pond_e
D:11:     layout_basic, lair_entry_dummy, david_orc_1_choice,
          minmay_statue_bubble
Temple:   cyrus_circular_temple
Lair:1:   layout_gridlike, st_stairs_8
Lair:2:   layout_roguey, skrybe_swamp_entry_bodies,
          spider_nest_entry_funnel_web, ebering_ghost_xom, basic_altar,
          minmay_lair_oklob_bushes, st_stairs_3
Lair:3:   layout_regular_city, grunt_forest_small_clearing_treed, uniq_snorg
Lair:4:   layout_roguey, gammafunk_ghost_hydra_chop
Lair:5:   nzn_motion_control, layout_layer_cave, basic_altar,
          grunt_megastairs_3, uniq_kirke
Lair:6:   hangedman_lair_tendril_chambers, layout_regular_city, slime_altar_1,
          st_stairs_4

Skill      XL: |  1  2  3  4  5  6  7  8  9 10 11 12 13 14 15 |
---------------+----------------------------------------------+-----
Maces & Flails | 1 2 3 4 |  4.7
Conjurations   | 2 3 4 5 6 7 8 9 10 11 12 | 12.1
Spellcasting   | 3 4 5 6 8 9 11 12 13 14 15 | 15.3
Fire Magic     | 4 5 6 7 9 11 12 13 14 15 | 15.2
Armour         | 1 2 3 4 |  4.4
Dodging        | 2 3 4 |  4.4
Fighting       | 1 2 3 |  3.1
Ice Magic      | 1 2 |  2.0
Earth Magic    | 4 6 7 |  7.8
Stealth        | |  2.1

Action                   |  1- 3 |  4- 6 |  7- 9 | 10-12 | 13-15 || total
-------------------------+-------+-------+-------+-------+-------++-------
Melee: Unarmed           |     1 |       |       |       |       ||     1
       Club              |     1 |       |       |       |       ||     1
       Whip              |     4 |     3 |       |   147 |   107 ||   261
       Mace              |       |       |    52 |       |       ||    52
 Cast: Foxfire           |    47 |    73 |   154 |   334 |   408 ||  1016
       Scorch            |     5 |    13 |    37 |    94 |    85 ||   234
       Searing Ray       |       |       |    19 |    22 |     5 ||    46
       Flame Wave        |       |       |       |    13 |     1 ||    14
       Freeze            |       |       |       |    10 |    20 ||    30
       Starburst         |       |       |       |       |    89 ||    89
       Sticky Flame      |       |       |       |       |    21 ||    21
       Lehudib's Crystal |       |       |       |       |     1 ||     1
  Use: Scroll            |     3 |     7 |     2 |    23 |     8 ||    43
       Potion            |       |     2 |       |       |     3 ||     5
Armor: Robe              |     6 |     8 |       |       |       ||    14
       Leather armour    |       |       |    66 |    47 |       ||   113
       Acid dragon scale |       |       |       |   202 |   216 ||   418
       Steam dragon scal |       |       |       |    19 |       ||    19
Dodge: Dodged            |    20 |    18 |    65 |   275 |   200 ||   578

Table legend: (Time is in decaauts)
 A = Elapsed time spent in this place.
 B = Non-inter-level travel time spent in this place.
 C = Inter-level travel time spent in this place.
 D = Time resting spent in this place.
 E = Time spent auto-exploring this place.
 F = Levels seen in this place.
 G = Mean time per level.
                   A        B        C        D        E       F      G
               +--------+--------+--------+--------+--------+-----+--------+
         Total |  23584 |  23049 |    535 |   3028 |  15631 |  20 | 1179.2 |
       Dungeon |  13760 |  13455 |    305 |   1709 |   9532 |  11 | 1250.9 |
        Temple |     59 |     50 |      9 |      0 |     38 |   1 |   59.0 |
          Lair |   9201 |   8982 |    219 |   1227 |   5797 |   6 | 1533.5 |
         Sewer |    256 |    256 |      0 |     69 |    134 |   1 |  256.0 |
       Ossuary |    306 |    306 |      0 |     23 |    129 |   1 |  306.0 |
               +--------+--------+--------+--------+--------+-----+--------+

Top non-repeatable levels by time:
  Lair:5: 2206 daAuts
  Lair:6: 2033 daAuts
  Lair:2: 1953 daAuts
     D:5: 1844 daAuts
     D:6: 1668 daAuts
    D:11: 1432 daAuts
  Lair:1: 1340 daAuts
     D:9: 1269 daAuts
     D:1: 1267 daAuts
     D:8: 1261 daAuts
     D:3: 1188 daAuts
  Lair:4: 1125 daAuts
     D:2: 1061 daAuts
    D:10: 1046 daAuts
     D:7: 926 daAuts
